 Dungeon Crawl Stone Soup version 0.20-a0-217-g17e8ceb (webtiles) character file.

0 deepsabbath the Firebug (level 1, -1/10 HPs)
             Began as a Deep Elf Fire Elementalist on Nov 28, 2016.
             Slain by an adder (3 damage)
             ... on level 2 of the Dungeon.
             The game lasted 00:01:25 (233 turns).

deepsabbath the Firebug (Deep Elf Fire Elementalist) Turns: 233, Time: 00:01:26

Health: -1/10      AC:  3    Str:  5    XL:     1   Next: 8%
Magic:  6/6        EV: 12    Int: 19    God:
Gold:   19         SH:  0    Dex: 15    Spells: 5/6 levels left

rFire  . . .     SeeInvis .     (no weapon)
rCold  . . .     Gourm    .     d - +0 leather armour
rNeg   . . .     Faith    .     (no shield)
rPois  .         Spirit   .     (no helmet)
rElec  .         Reflect  .     (no cloak)
rCorr  .         Harm     .     (no gloves)
MR     .....                    (no boots)
Stlth  ++........               (no amulet)
                                (no ring)
                                (no ring)

@: no status effects
A: no striking features
a: no special abilities


You were on level 2 of the Dungeon.
You were not hungry.

You visited 1 branch of the dungeon, and saw 2 of its levels.

You collected 19 gold pieces.

Inventory:

Armour
 a - a +0 robe
 d - a +0 leather armour (worn)
   (You found it on level 2 of the Dungeon)
Scrolls
 e - a scroll of identify
Books
 b - a book of Flames
Comestibles
 c - a bread ration {@e1}


   Skills:
 + Level 2.5 Dodging
 - Level 2.4 Stealth
 - Level 3.0 Spellcasting
 - Level 1.1 Conjurations
 - Level 3.2 Fire Magic


You had 5 spell levels left.
You knew the following spells:

 Your Spells              Type           Power        Failure   Level  Hunger
a - Flame Tongue          Conj/Fire      ##...        14%         1    None


Dungeon Overview and Level Annotations

Branches:
Dungeon (2/15)

Altars:


Message History

Welcome, deepsabbath the Deep Elf Fire Elementalist.
Will you prevail where others failed? Will you find the Orb of Zot?
Found a staircase leading out of the dungeon.
You open the gate.
There is an open gate here.
A goblin comes into view. It is wielding a club.
The goblin shouts!
A goblin comes into view.
The goblin shouts!
You see here a scroll labeled FUAFRE LIEXUHI.
As you read the scroll labeled FUAFRE LIEXUHI, it crumbles to dust.
It is a scroll of identify.
You don't have any unidentified items.
Found a stone staircase leading down.
There is a stone staircase leading down here.
You climb downwards.
A ball python comes into view.
There is a stone staircase leading up here.
A ball python is nearby!
A ball python is nearby!
The ball python hisses angrily.
You hit the ball python. The ball python closely misses you.
The ball python grabs you. The ball python constricts you.
You take 1 damage, and have 9/10 hp.
You barely miss the ball python.
The ball python bites you but does no damage.
The ball python constricts you.
You take 1 damage, and have 8/10 hp.
You hit the ball python.
You kill the ball python!
You start resting.
Health restored: 10 You see here a leather armour.
d - a leather armour Wear which item? (? for menu, Esc to quit)
You start removing your armour.
You continue taking off your +0 robe. x4
You finish taking off your +0 robe.
You start putting on your armour.
You continue putting on your leather armour. x5
You finish putting on your +0 leather armour.
You now have 19 gold pieces.
e - a scroll of identify A hobgoblin comes into view.
The hobgoblin shouts!
You hit the hobgoblin but do no damage. The hobgoblin closely misses you.
You hit the hobgoblin but do no damage. The hobgoblin completely misses you.
You hit the hobgoblin but do no damage. The hobgoblin closely misses you.
A dart slug comes into view.
You see here 11 gold pieces.
A hobgoblin is nearby!
A hobgoblin is nearby!
The hobgoblin hits you.
You take 2 damage, and have 8/10 hp.
You hit the hobgoblin but do no damage. The hobgoblin hits you.
You take 2 damage, and have 6/10 hp.
You open the door.
A hobgoblin comes into view.
The hobgoblin shouts!
The hobgoblin hits you.
Ouch! That really hurt!
* * * LOW HITPOINT WARNING * * *
There is an open door here.
You take 5 damage, and have 1/10 hp.
MASSIVE DAMAGE!!
The hobgoblin barely misses you. The hobgoblin closely misses you.
You see here a ring mail.
An adder comes into view.
The adder hisses angrily.
The adder bites you.
You die...

######..##
........#
.......#
......#
.....# ....#
#..#
#@S#####
#g.#...#
#..#...#
#.g#...#####
#..[...'...#
#.##...###.#
... #.##...#
#.# #....
#.##...# #.#
..#....# #.
#...# #.#


You could see an adder and 2 hobgoblins.

Vanquished Creatures
  A ball python (D:2)
1 creature vanquished.

Notes
Turn   | Place    | Note
-------+----------+-------------------------------------------
     0 | D:1      | deepsabbath the Deep Elf Fire Elementalist began the quest for the Orb.
     0 | D:1      | Reached XP level 1. HP: 10/10 MP: 6/6
   225 | D:2      | HP: 1/10 [hobgoblin (5)]
   233 | D:2      | Slain by an adder

Vault maps used:
D:1:      saegor_arrival_simple_c

Action                   || total
-------------------------++-------
Melee: Unarmed           ||     7
  Use: Scroll            ||     1
Armor: Robe              ||     1
Dodge: Dodged            ||     6

Vault maps used:
D:1:      saegor_arrival_simple_c

Table legend:
 A = Turns spent in this place as a percentage of turns spent in the entire game.
 B = Non-inter-level travel turns spent in this place as a percentage of non-inter-level travel turns spent in the entire game.
 C = Inter-level travel turns spent in this place as a percentage of turns spent in this place.
 D = Turns resting spent in this place as a percentage of non-inter-level travel turns spent in this place.
 E = Turns spent auto-exploring this place as a percentage of non-inter-level travel turns spent in this place.
 F = Non-inter-level travel turns spent in this place divided by the number of levels of this place that you've seen.
                   A       B       C       D       E      F
               +-------+-------+-------+-------+-------+----------------------
         Total | 100.0 | 100.0 |   0.0 |   1.2 |   0.0 |  86.0
       Dungeon | 100.0 | 100.0 |   0.0 |   1.2 |   0.0 |  86.0
               +-------+-------+-------+-------+-------+----------------------

Table legend:
 A = Kills in this place as a percentage of kills in entire the game.
 B = Kills by you in this place as a percentage of kills by you in the entire game.
 C = Kills by friends in this place as a percentage of kills by friends in the entire game.
 D = Other kills in this place as a percentage of other kills in the entire game.
 E = Experience gained in this place as a percentage of experience gained in the entire game.
 F = Experience gained in this place divided by the number of levels of this place that you have seen.
                   A       B       C       D       E      F
               +-------+-------+-------+-------+-------+----------------------
         Total | 100.0 | 100.0 |  -nan |  -nan | 100.0 |   0.5
       Dungeon | 100.0 | 100.0 |  -nan |  -nan | 100.0 |   0.5
               +-------+-------+-------+-------+-------+----------------------
